Map: Thunderbird LE

Players

LiquidSnute (Snute)

  • Race: Zerg Zerg
  • League: Grandmaster
  • Spawn Location: 11:00

PtitDrogo - Winner!

  • Race: Protoss Protoss
  • League: Master
  • Spawn Location: 5:00

Event: 2019 Assembly Summer

VOD

Have the link to the VOD?

Description

Time

  • Played on: Aug. 1, 2019, 8:11 a.m.
  • Length: 9:55

All games in this series

Show
View Real Time Build Order
Export as new Build Order

LiquidSnute Zerg 

Build Orders: Hatch First 

Get SALT Encoding   

  12  0:00  Drone  
  13  0:12  Overlord  
  13  0:16  Drone  
  14  0:30  Drone x2  
  14  0:34  Drone  
  17  0:47  Drone  
  18  0:55  Hatchery  
  17  0:57  Drone  
  18  1:05  Extractor  
  17  1:12  Spawning Pool  
  17  1:15  Drone  
  17  1:18  Drone  
  18  1:28  Drone  
  19  1:38  Overlord  
  19  1:49  Drone  
  20  1:58  Queen  
  20  2:00  Zergling x2  
  23  2:07  Queen  
  25  2:08  Metabolic Boost  
  25  2:10  Zergling x2  
  25  2:11  Drone  
  27  2:19  Drone  
  28  2:24  Drone  
  29  2:33  Hatchery  
  29  2:35  Drone  
  29  2:41  Drone  
  29  2:42  Overlord  
  30  2:45  Drone  
  31  2:55  Drone x2  
  31  2:58  Queen  
  35  3:04  Zergling x4  
  37  3:07  Drone x2  
  37  3:08  Drone  
  37  3:12  Drone  
  41  3:15  Drone x2  
  41  3:18  Overlord  
  43  3:20  Drone  
  44  3:33  Spore Crawler  
  43  3:34  Spore Crawler  
  43  3:36  Drone x2  
  43  3:38  Drone  
  43  3:39  Drone  
  46  3:41  Queen  
  46  3:45  Drone x2  
  46  3:46  Drone  
  51  3:49  Drone  
  51  3:53  Lair  
  52  4:01  Spore Crawler  
  52  4:02  Drone x3  
  54  4:05  Overlord  
  54  4:08  Drone x2  
  56  4:11  Overlord, Extractor  
  56  4:14  Drone x2  
  56  4:16  Drone  
  58  4:22  Overlord x2  
  52  4:39  Queen x2  
  52  4:43  Zergling x2  
  52  4:44  Zergling x16  
  63  4:51  Nydus Network  
  62  4:53  Queen  
  62  4:56  Zergling x2  
  65  5:02  Zergling x8  
  69  5:09  Zergling x10  
  74  5:14  Zergling x8  
  80  5:21  Zergling x4  
  80  5:28  Overlord  
  79  5:32  Nydus Canal  
  79  5:34  Zergling x8  
  80  5:39  Zergling x4  
  80  5:42  Queen x3  
  78  5:48  Drone  
  81  5:50  Zergling x8  
  81  5:51  Nydus Canal  
  81  5:54  Zergling x4  
  85  6:01  Zergling x14  
  91  6:08  Zergling x4  
  92  6:13  Zergling x2  
  92  6:16  Zergling x4  
  92  6:17  Queen x2  
  92  6:18  Queen  
  95  6:21  Zergling x4  
  95  6:28  Zergling x12  
  95  6:32  Zergling x2  
  93  6:34  Zergling x2  
  93  6:38  Nydus Canal  
  93  6:39  Zergling x2  
  90  6:46  Zergling x4  
  88  6:50  Zergling x6  
  84  6:55  Nydus Canal, Zergling x10  
  84  6:58  Zergling x2  
  85  7:03  Queen x2  
  85  7:04  Queen  
  85  7:07  Zergling x6  
  76  7:20  Zergling x6  
  71  7:26  Zergling x2  
  71  7:28  Zergling x4  
  64  7:34  Drone x3  
  64  7:35  Drone  
  64  7:36  Drone  
  63  7:37  Spire  
  63  7:38  Queen  
  63  7:39  Drone x2, Queen  
  63  7:43  Drone x3  
  73  7:47  Drone x2  
  73  7:49  Drone  
  71  7:53  Drone  
  71  7:55  Drone  
  73  7:59  Extractor  
  73  8:00  Drone  
  73  8:02  Extractor  
  73  8:03  Extractor  
  73  8:04  Zergling x2  
  72  8:06  Zergling x6  
  72  8:07  Nydus Canal  
  75  8:13  Zergling x4  
  75  8:14  Queen  
  75  8:16  Queen x2  
  75  8:19  Zergling x14  
  90  8:26  Zergling x2  
  89  8:41  Extractor  
  89  8:45  Overlord  
  89  8:46  Overlord  
  88  8:49  Hatchery  
  88  8:50  Nydus Canal  
  88  8:52  Mutalisk x3  
  88  8:53  Mutalisk  
  95  8:57  Drone x3  
  98  9:03  Overlord x3  
  98  9:08  Mutalisk  
  98  9:09  Mutalisk  
  102  9:12  Zergling x10, Spine Crawler  
  102  9:13  Spine Crawler  
  102  9:16  Mutalisk  
  107  9:22  Mutalisk  
  109  9:30  Zergling x12  
  116  9:31  Spine Crawler  
  116  9:34  Spine Crawler  
Show
View Real Time Build Order
Export as new Build Order

PtitDrogo Protoss - Winner!

Build Orders: 1 Gate Expand, Oracle Opening, Archon Immortal 

Get SALT Encoding   

  12  0:00  Probe  
  13  0:12  Probe  
  14  0:20  Pylon  
  14  0:25  Probe  
  15  0:34  Probe  
  15  0:41  Gateway  
  16  0:42  Probe  
  17  0:51  Assimilator  
  17  0:52  Probe  
  18  1:04  Probe  
  19  1:17  Probe  
  20  1:31  Nexus  
  20  1:37  Cybernetics Core  
  20  1:39  Probe  
  21  1:48  Assimilator  
  21  1:53  Probe  
  22  1:55  Pylon  
  22  2:04  Adept  
  22  2:05  Probe  
  25  2:17  Probe  
  25  2:19  Stargate  
  26  2:29  Warp Gate, Probe  
  27  2:37  Stalker  
  27  2:38  Probe  
  27  2:39  Probe  
  31  2:46  Probe  
  31  2:47  Probe  
  32  2:55  Oracle, Probe  
  32  2:57  Probe  
  38  3:07  Probe  
  38  3:10  Probe  
  40  3:12  Pylon  
  40  3:18  Gateway  
  40  3:20  Probe  
  40  3:22  Probe  
  40  3:25  Oracle  
  42  3:33  Probe  
  42  3:34  Probe  
  47  3:41  Assimilator  
  47  3:43  Assimilator  
  47  3:45  Probe  
  47  3:46  Probe  
  47  3:47  Pylon  
  49  3:57  Probe  
  49  3:58  Probe  
  51  4:03  Oracle  
  51  4:07  Pylon  
  51  4:09  Probe  
  55  4:10  Probe  
  56  4:17  Zealot x2  
  56  4:21  Probe  
  56  4:22  Probe  
  62  4:33  Probe  
  62  4:34  Probe  
  64  4:44  Nexus  
  64  4:45  Probe  
  63  4:46  Probe, Robotics Facility, Pylon  
  63  4:47  Sentry x2  
  68  4:53  Twilight Council  
  68  4:55  Forge  
  68  4:57  Probe  
  68  4:58  Pylon  
  70  5:09  Gateway  
  70  5:17  Gateway  
  70  5:18  Gateway  
  69  5:24  Sentry x2  
  69  5:26  Immortal  
  69  5:28  Shield Battery  
  72  5:31  Shield Battery, Charge  
  72  5:45  Void Ray  
  72  5:47  Protoss Ground Weapons Level 1  
  72  5:49  Zealot x2  
  68  6:10  Adept x2  
  68  6:11  Immortal  
  76  6:12  Stalker x2  
  80  6:19  Shield Battery  
  80  6:20  Shield Battery  
  80  6:30  Pylon x2  
  80  6:31  Zealot x2  
  82  6:35  Pylon  
  82  6:36  Zealot  
  77  6:43  Immortal  
  69  6:51  Zealot  
  75  6:59  Zealot x2  
  74  7:12  Zealot  
  74  7:13  Zealot  
  73  7:20  Zealot  
  71  7:23  Probe  
  71  7:26  Protoss Ground Weapons Level 2  
  71  7:28  Immortal  
  68  7:31  Pylon  
  68  7:39  Templar Archives  
  68  7:40  Gateway  
  68  7:41  Gateway  
  68  7:45  Probe x2  
  68  7:46  Probe  
  71  7:58  Gateway  
  71  8:01  Pylon  
  71  8:03  Gateway  
  71  8:06  Pylon  
  71  8:08  Warp Prism  
  71  8:12  Probe x2  
  73  8:13  Probe  
  76  8:24  Probe  
  77  8:27  High Templar x2, Probe  
  77  8:29  Probe  
  77  8:31  Archon  
  83  8:35  Photon Cannon  
  83  8:36  Probe  
  83  8:37  High Templar x2  
  83  8:38  High Templar x2  
  83  8:40  Probe  
  93  8:42  Archon x2  
  93  8:46  Pylon  
  93  8:53  Gateway  
  93  8:54  Pylon  
  93  9:00  Probe  
  94  9:03  Assimilator  
  94  9:05  High Templar x2, Zealot  
  94  9:07  Assimilator  
  94  9:09  Archon  
  100  9:11  Zealot x2  
  100  9:12  High Templar  
  100  9:16  High Templar  
  108  9:17  Probe  
  108  9:18  Probe  
  108  9:20  Photon Cannon, Archon  
  110  9:27  Observer  
  110  9:30  Probe  
  112  9:33  Zealot x3  
  115  9:45  Zealot x3  
  113  9:49  Zealot x2  
Tags
 
Add a new tag
Caveats
  • Supply blocks, unpowered buildings, or Contaminate may cause inaccurate times.
  • Supply counts are checked every 10 seconds.